 Dungeon Crawl Stone Soup version 0.32-a0-818-gb728d0252e (webtiles) character file.

Game seed: 189178701069666072

246 porpoise the Poker (level 5, -4/42 HPs)
             Began as a Demonspawn Gladiator on Mar 24, 2024.
             Slain by a gnoll
             ... wielding a +0 halberd
              (8 damage)
             ... on level 3 of the Dungeon.
             The game lasted 00:08:21 (3820 turns).

porpoise the Poker (Demonspawn Gladiator)           Turns: 3820, Time: 00:08:22

Health: -4/42      AC:  8    Str: 17    XL:     5   Next: 84%
Magic:  5/5        EV: 10    Int:  8    God:
Gold:   130        SH:  0    Dex: 14    Spells: 4/4 levels left

rFire   . . .        a - +0 trident
rCold   + . .        (no shield)
rNeg    . . .        p - +0 ring mail
rPois   +            c - +0 helmet
rElec   .            (no cloak)
rCorr   .            (no gloves)
SInv    .            (no boots)
Will    .....        (no amulet)
Stlth   +            o - ring of protection from cold
HPRegen 0.27/turn    n - ring of poison resistance
MPRegen 0.09/turn

%: no passive effects
@: no status effects
A: claws 1, molten scales 1
a: no special abilities


You were on level 3 of the Dungeon.
You visited 1 branch of the dungeon, and saw 3 of its levels.

You collected 130 gold pieces.

Inventory:

Hand Weapons
 a - a +0 trident (weapon)
 b - a +0 sling
Missiles
 d - 3 throwing nets (quivered)
 e - a javelin
Armour
 c - a +0 helmet (worn)
 p - a +0 ring mail (worn)
Jewellery
 i - a +6 ring of intelligence
 n - a ring of poison resistance (right claw)
 o - a ring of protection from cold (left claw)
 r - a ring of flight
Scrolls
 m - a scroll of identify
 q - a scroll of enchant armour {unknown}
Potions
 f - a potion of resistance {unknown}
 g - 2 potions of enlightenment
 h - a potion of invisibility {unknown}
 j - 2 potions of brilliance {unknown}
 k - 2 potions of curing {unknown}
 l - a potion of magic {unknown}


   Skills:
 + Level 3.8 Fighting
 * Level 5.2 Polearms
 - Level 1.7 Throwing
 - Level 2.6 Dodging


You had 4 spell levels left.
You didn't know any spells.
Your spell library was empty.

Dungeon Overview and Level Annotations

Branches:
Dungeon (3/15)

Altars:
Dithmenos
Gozag
Makhleb
Qazlal
Xom


Innate Abilities, Weirdness & Mutations

You have sharp fingernails.
You are partially covered in molten scales. (AC +2)


Message History

It is a scroll of identify.
g - 2 potions of enlightenment The gnoll barely misses you.
The goblin shoots a sling bullet.
The sling bullet closely misses you.
The goblin shoots a sling bullet.
The sling bullet barely misses you.
The goblin shoots a sling bullet.
The sling bullet closely misses you.
The goblin shoots a sling bullet.
The sling bullet hits you but does no damage.
The goblin shoots a sling bullet.
The sling bullet closely misses you.
The goblin shoots a sling bullet.
The sling bullet hits you but does no damage.
There is an open door here.
You close the door.
Something unseen breaks down the door.
There is a large open door here.
You close the large door.
A goblin opens the large door.
The goblin shoots a sling bullet.
The sling bullet hits you but does no damage.
The kobold throws a stone.
The stone barely misses you.
The goblin shoots a sling bullet.
The sling bullet hits you but does no damage.
The goblin shoots a sling bullet.
The sling bullet hits you.
There is an open door here.
You close the door.
A gnoll opens the door.
The gnoll barely misses you. The gnoll hits you with a +0 spear.
The gnoll closely misses you.
You barely miss the gnoll. The gnoll hits you with a +0 spear.
The gnoll hits you but does no damage.
You hit the gnoll but do no damage. The gnoll barely misses you.
The gnoll hits you from afar with a +0 halberd.
* * * LOW HITPOINT WARNING * * *
You closely miss the gnoll. The gnoll hits you with a +0 spear.
* * * LOW HITPOINT WARNING * * *
The gnoll hits you from afar with a +0 halberd.
* * * LOW HITPOINT WARNING * * *
You closely miss the gnoll. The gnoll hits you but does no damage.
The gnoll hits you from afar with a +0 halberd!
You die...

##........######.......####......
####+######### #.........########
.....##......###.......#.......##
.....++......'.####...##.........
.....##......#.# #...)..).......
.....#>......#.# ##'#.##......).
.....#.......#.# ###'#)##........
.....#.#.....#.###..).)##........
.....#.#.##..#..@ggg...##........
######.#.##..#####g....#####.....
'......#...............# ###.##
#...####.############..#######.##
.................................
.................................
~~~~~.~.~~~~~~~..~.~....g.~.~.~~.
~~≈≈~~~~~≈~~~~~≈~~~~~....~~~~~~~~
≈~≈≈≈≈≈≈≈≈≈≈≈≈≈≈≈≈≈~~....~~≈≈≈~≈≈


You could see 3 gnolls and a goblin.

Vanquished Creatures
  Terence (D:2)
  6 gnolls (D:3)
  4 adders
  3 dart slugs (D:2)
  7 ball pythons
  7 bats
  4 endoplasms
  25 goblins
  32 hobgoblins
  3 jackals (D:2)
  4 quokkas
  A frilled lizard (D:2)
  6 kobolds
  2 rats (D:1)
105 creatures vanquished.

Notes
Turn   | Place    | Note
-------+----------+-------------------------------------------
     0 | D:1      | porpoise the Demonspawn Gladiator began the quest for the
                  | Orb.
     0 | D:1      | Reached XP level 1. HP: 16/16 MP: 1/1
   206 | D:1      | Reached skill level 3 in Polearms
   264 | D:1      | Gained mutation: You are partially covered in molten
                  | scales. (AC +2) [demonic ancestry]
   264 | D:1      | Reached XP level 2. HP: 22/22 MP: 2/2
  1067 | D:1      | Reached XP level 3. HP: 15/28 MP: 3/3
  1393 | D:2      | Noticed Terence
  1400 | D:2      | Killed Terence
  1401 | D:2      | Reached skill level 4 in Polearms
  1401 | D:2      | Gained mutation: You have sharp fingernails. [demonic
                  | ancestry]
  1401 | D:2      | Reached XP level 4. HP: 35/35 MP: 4/4
  1494 | D:2      | Found a shadowy altar of Dithmenos.
  2231 | D:3      | Found a burning altar of Makhleb.
  2243 | D:3      | Found an opulent altar of Gozag.
  2266 | D:3      | Found a stormy altar of Qazlal.
  2797 | D:3      | Found a shimmering altar of Xom.
  2945 | D:3      | Reached XP level 5. HP: 37/41 MP: 5/5
  3688 | D:3      | Reached skill level 5 in Polearms
  3820 | D:3      | Slain by a gnoll

Illustrated notes

Levels and vault maps discovered:
D:1:      dpeg_arrival_water_temple_mockup, layout_basic
D:2:      layout_loops_corners, basic_altar, nicolae_figureground_sparkle,
          uniq_terence
D:3:      minmay_goblin_kobold_castle, layout_basic,
          mainiacjoe_overflow_alcove_4, mainiacjoe_overflow_catwalk_spiral,
          mainiacjoe_overflow_big_doors, uniq_sigmund

Skill      XL: |  1  2  3  4  5 |
---------------+----------------+-----
Polearms       | 3 4 5 |  5.2
Fighting       | 3 |  3.8
Throwing       | |  1.7
Dodging        | |  2.6

Action                     |  1- 3 |  4- 6 || total
---------------------------+-------+-------++-------
  Melee: Trident           |   107 |   213 ||   320
  Throw: Throwing net      |     1 |       ||     1
    Use: Scroll            |       |     1 ||     1
   Stab: Sleeping          |     3 |     2 ||     5
         Held in net/web   |     1 |       ||     1
 Armour: Leather armour    |    55 |    28 ||    83
         Ring mail         |       |   127 ||   127
  Dodge: Dodged            |    56 |   151 ||   207

Table legend: (Time is in decaauts)
 A = Elapsed time spent in this place.
 B = Non-inter-level travel time spent in this place.
 C = Inter-level travel time spent in this place.
 D = Time resting spent in this place.
 E = Time spent auto-exploring this place.
 F = Levels seen in this place.
 G = Mean time per level.
                   A        B        C        D        E       F      G
               +--------+--------+--------+--------+--------+-----+--------+
         Total |   3849 |   3792 |     57 |    811 |   2230 |   3 | 1283.0 |
       Dungeon |   3849 |   3792 |     57 |    811 |   2230 |   3 | 1283.0 |
               +--------+--------+--------+--------+--------+-----+--------+

Top non-repeatable levels by time:
     D:3: 1636 daAuts
     D:1: 1227 daAuts
     D:2: 986 daAuts
